 Dungeon Crawl Stone Soup version 0.23-a0-239-g84a5ed292d (webtiles) character file.

194658 RKaid the Spry (level 17, -1/95 HPs)
             Began as a Spriggan Venom Mage on Sept 16, 2018.
             Was an Initiate of Gozag.
             Slain by a nagaraja
             ... wielding a +0 spear
              (7 damage)
             ... on level 2 of the Snake Pit on Sept 26, 2018.
             The game lasted 05:46:04 (82889 turns).

RKaid the Spry (Spriggan Venom Mage)               Turns: 82889, Time: 05:46:05

Health: -1/95      AC:  7    Str:  9    XL:     17   Next: 68%
Magic:  3/38       EV: 33    Int: 17    God:    Gozag
Gold:   5573       SH:  0    Dex: 18    Spells: 9/48 levels left

rFire    + . .     SeeInvis +   l - +5 trident of Armageddon {pain, +Fly rPois rC++}
rCold    + + .     Gourm    .   (shield currently unavailable)
rNeg     . . .     Faith    .   Q - +2 robe {MR+}
rPois    +         Spirit   .   (helmet restricted)
rElec    .         Reflect  .   p - +2 cloak
rCorr    .         Harm     .   (gloves unavailable)
MR       +++..                  (boots unavailable)
Stlth    ++........             P - amulet of the acrobat
HPRegen  0.25/turn              W - ring of protection from fire {rF+}
MPRegen  0.26/turn              d - +3 ring of evasion

@: lethally poisoned (-1 -> -8), very slightly contaminated, constricted,
bribing [the Snake Pit], very quick
A: very small, unfitting armour, see invisible, herbivore, speed 3, slow
metabolism 2
}: 1/15 runes: decaying
a: Potion Petition, Call Merchant, Bribe Branch, Renounce Religion, Evoke Flight


You were on level 2 of the Snake Pit.
You worshipped Gozag.
Gozag was greatly pleased with you.
You were very hungry.

You visited 6 branches of the dungeon, and saw 31 of its levels.
You also visited: Labyrinth.

You collected 12472 gold pieces.
You spent 2555 gold pieces at shops.
You paid 4344 gold pieces to Gozag.

Inventory:

Hand Weapons
 a - a +2 short sword of electrocution
   (You took it off an orc warrior on level 9 of the Dungeon)
 b - a +0 hunting sling of velocity
   (You took it off a goblin on level 2 of the Dungeon)
 g - the +5 mace "Ciruvva" {venom, *Noise +Inv rElec rC++}
   (You found it on level 1 of the Orcish Mines)

   It poisons the flesh of those it strikes.
   It greatly protects you from cold.
   It insulates you from electricity.
   It lets you turn invisible.
   It may make noises in combat.
 l - the +5 trident of Armageddon (weapon) {pain, +Fly rPois rC++}
   (You found it on level 1 of the Orcish Mines)

   In the hands of one skilled in necromantic magic, it inflicts extra damage on
   living creatures.
   It greatly protects you from cold.
   It protects you from poison.
   It lets you fly.
 L - the +5 morningstar "Jyckang" {chaos, rC+ MR++}
   (You found it on level 6 of the Lair of Beasts)

   Each time it hits an enemy it has a different, random effect.
   It protects you from cold.
   It affects your resistance to hostile enchantments.
Missiles
 e - 71 sling bullets {@Q1}
Armour
 p - a +2 cloak (worn)
   (You found it on level 5 of the Dungeon)
 u - a +0 buckler
   (You found it on level 3 of the Dungeon)
 Q - a +2 robe of magic resistance (worn)
   (You took it off a centaur on level 12 of the Dungeon)
Jewellery
 d - a +3 ring of evasion (right hand)
   (You found it on level 1 of the Dungeon)
 n - an uncursed ring of protection from magic {MR+}
   (You found it on level 2 of the Dungeon)
 s - an uncursed amulet of regeneration {+regen}
   (You took it off a big kobold on level 12 of the Dungeon)
 A - an uncursed ring of wizardry {Wiz+}
   (You found it on level 5 of the Dungeon)
 F - an uncursed ring of resist corrosion
   (You found it on level 8 of the Dungeon)
 I - a +4 ring of dexterity
   (You took it off a yaktaur on level 12 of the Dungeon)
 J - an uncursed ring of fire {rF+, rC-}
   (You found it on level 4 of the Dungeon)
 M - an uncursed ring of positive energy {rN+}
   (You found it on level 1 of the Lair of Beasts)
 P - an amulet of the acrobat (around neck)
   (You found it on level 2 of the Lair of Beasts)
 W - a ring of protection from fire (left hand) {rF+}
   (You bought it in a shop on level 10 of the Dungeon)
Wands
 B - a wand of enslavement (35)
   (You found it on level 4 of the Swamp)
 C - a wand of clouds (1)
   (You found it on level 6 of the Lair of Beasts)
 G - a wand of paralysis (7)
   (You found it on level 2 of the Dungeon)
Scrolls
 i - 3 scrolls of identify
 k - a scroll of vulnerability {!r!r}
 m - 4 scrolls of enchant armour
 o - 6 scrolls of remove curse
 t - 5 scrolls of teleportation
 y - 4 scrolls of enchant weapon
 E - 5 scrolls of fog
 H - 3 scrolls of immolation {!r}
 K - 4 scrolls of fear
 O - a scroll of magic mapping {!r}
 S - a scroll of amnesia
Potions
 c - 10 potions of curing
 h - 2 potions of heal wounds
 j - 2 potions of ambrosia
 q - 2 potions of invisibility
 r - 3 potions of mutation {!q!q}
 v - 3 potions of magic
 w - 6 potions of lignification {!q}
 x - 6 potions of might
 z - 4 potions of resistance
 D - 3 potions of flight
 N - 8 potions of brilliance
 R - 3 potions of haste
 U - 3 potions of cancellation
 V - 2 potions of agility
Miscellaneous
 T - a sack of spiders
 Z - a lightning rod (4/4)
   (You found it on level 4 of the Lair of Beasts)
Comestibles
 f - 13 rations


   Skills:
 + Level 13.5 Fighting
 - Level 17.0 Dodging
 - Level 3.0 Stealth
 - Level 7.0 Shields
 + Level 16.0 Spellcasting
 - Level 9.0 Conjurations
 * Level 2.2 Hexes
 - Level 5.0 Summonings
 - Level 2.1 Translocations
 - Level 5.0 Fire Magic
 - Level 5.0 Air Magic
 - Level 12.0 Poison Magic
 - Level 7.0 Evocations


You had 9 spell levels left.
You knew the following spells:

 Your Spells              Type           Power        Failure   Level  Hunger
a - Summon Lightning Spi  Summ/Air       ####....     6%          4    None
b - Poisonous Vapours     Pois/Air       #####.       1%          2    None
c - Mephitic Cloud        Conj/Pois/Air  #####...     1%          3    None
d - Olgreb's Toxic Radia  Pois           ######..     1%          4    None
e - Venom Bolt            Conj/Pois      #####.....   1%          5    ####...
f - Tukima's Dance        Hex            ###.....     5%          3    None
g - Throw Icicle          Conj/Ice       ####....     7%          4    None
h - Fireball              Conj/Fire      #####.....   7%          5    ####...
i - Ensorcelled Hibernat  Hex/Ice        ###...       4%          2    None
B - Blink                 Tloc           N/A          3%          2    None
C - Regeneration          Chrm/Necr      ##........   14%         3    None
D - Shroud of Golubria    Chrm/Tloc      ###.......   4%          2    None

Your spell library contained the following spells:

 Spells                   Type           Power        Failure   Level  Hunger
 Confusing Touch          Hex            ###...       1%          1    None
 Corona                   Hex            ###....      1%          1    None
 Flame Tongue             Conj/Fire      #####        1%          1    None
 Magic Dart               Conj           ####         1%          1    None
 Sting                    Conj/Pois      ####         1%          1    None
 Summon Small Mammal      Summ           ####         1%          1    None
 Call Imp                 Summ           ####....     1%          2    None
 Searing Ray              Conj           #####.       1%          2    None
 Throw Flame              Conj/Fire      #####.       1%          2    None
 Throw Frost              Conj/Ice       ####..       1%          2    None
 Call Canine Familiar     Summ           ####....     1%          3    None
 Conjure Flame            Conj/Fire      #####...     1%          3    None
 Dazzling Spray           Conj/Hex       ####..       1%          3    None
 Spider Form              Tmut/Pois      ####......   1%          3    None
 Iskenderun's Mystic Bla  Conj           #####...     1%          4    None
 Slow                     Hex            ###.....     2%          2    None
 Sticky Flame             Conj/Fire      #####...     2%          4    None
 Inner Flame              Hex/Fire       ####....     3%          3    None
 Recall                   Summ/Tloc      N/A          3%          3    None
 Summon Guardian Golem    Hex/Summ       ####....     3%          3    None
 Beastly Appendage        Tmut           ##....       4%          1    None
 Freeze                   Ice            ##..         4%          1    None
 Infusion                 Chrm           ##..         4%          1    None
 Force Lance              Conj/Tloc      ####....     4%          4    None
 Fulminant Prism          Conj/Hex       ####......   4%          4    None
 Confuse                  Hex            ###.....     5%          3    None
 Gell's Gravitas          Tloc           ###.......   6%          3    None
 Song of Slaying          Chrm           ##......     7%          2    None
 Sticks to Snakes         Tmut           ##......     7%          2    None
 Spectral Weapon          Hex/Chrm       ###.....     9%          3    None
 Ozocubu's Armour         Chrm/Ice       ##......     14%         3    None
 Summon Ice Beast         Ice/Summ       ###.....     16%         4    None
 Aura of Abjuration       Summ           ####......   16%         5    ####...
 Summon Demon             Summ           ####......   16%         5    ####...
 Bolt of Magma            Conj/Fire/Erth ####......   19%         5    ####...
 Iskenderun's Battlesphe  Conj/Chrm      ####....     21%         5    ####...
 Leda's Liquefaction      Hex/Erth       ###.......   28%         4    None
 Summon Mana Viper        Hex/Summ       ####....     28%         5    ####...
 Summon Forest            Summ/Tloc      ####......   30%         5    ####...
 Animate Dead             Necr           N/A          41%         4    None
 Ice Form                 Ice/Tmut       ##......     41%         4    None
 Petrify                  Tmut/Erth      ##......     41%         4    None
 Metabolic Englaciation   Hex/Ice        ###.......   63%         5    ####...
 Yara's Violent Unravell  Hex/Tmut       ###.......   63%         5    ####...
 Shadow Creatures         Summ           N/A          65%         6    #####..
 Iron Shot                Conj/Erth      ####......   73%         6    #####..
 Blade Hands              Tmut           ##........   77%         5    ####...
 Borgnjor's Vile Clutch   Necr/Erth      ##........   77%         5    ####...
 Death Channel            Necr           ##........   100%        6    #####..
 Simulacrum               Ice/Necr       ##........   100%        6    #####..
 Statue Form              Tmut/Erth      ##.......    100%        6    #####..
 Shatter                  Erth           ##........   100%        9    #######


Dungeon Overview and Level Annotations

Branches:
Dungeon (15/15)            Temple (1/1) D:6            Lair (6/6) D:10
  Swamp (4/4) Lair:4        Snake (3/4) Lair:4        Slime (0/5) Lair:6
    Orc (2/2) D:9             Elf (0/3) Orc:2        Vaults (0/5) D:13
 Depths (0/5) D:15

Altars:
Ashenzari
Cheibriados
Dithmenos
Elyvilon
Fedhas
Gozag
Hepliaklqana
Kikubaaqudgha
Makhleb
Nemelex Xobeh
Okawaru
Qazlal
Ru
Sif Muna
Trog
Uskayaw
Vehumet
Wu Jian
Xom
Yredelemnul
Zin
The Shining One
Beogh

Shops:
D:10 =   D:14 [*   Orc:2 [*!:

Annotations:
D:4 exclusion: Natasha
D:6 2 transporters, Jesh's ghost, novice SpEn
D:9 4 runed doors
D:14 exclusion: Roxanne, Roxanne
Lair:2 exclusion: Nergalle, Nergalle
Lair:5 1 exclusion
Lair:6 exclusion: 2 oklob plants
Swamp:4 Lernaean hydra
Orc:2 exclusion: Nessos, Nessos


Innate Abilities, Weirdness & Mutations

You are very small and have problems with some larger weapons.
You are too small for most types of armour.
You have supernaturally acute eyesight. (SInv)
You are a herbivore.
You cover ground extremely quickly.
You need to consume almost no food.


Message History

Aim: a nagaraja, wielding a spear and wearing a robe (lightly wounded)
The shard of ice misses the nagaraja.
Casting: Throw Icicle (safe; 7% risk of failure)
Confirm with . or Enter, or press ? or * to list all spells.
Aiming: Throw Icicle (safe; 7% risk of failure)
Press: ? - help, Shift-Dir - straight line, f/p - nagaraja
Aim: a nagaraja, wielding a spear and wearing a robe (lightly wounded)
The shard of ice hits the nagaraja.
The nagaraja casts a spell at you. The orb of energy misses you.
The orb of energy explodes!
Things that are here:
9 gold pieces; 15 arrows; an uncursed shortbow of flaming
Casting: Throw Icicle (safe; 7% risk of failure)
Confirm with . or Enter, or press ? or * to list all spells.
Aiming: Throw Icicle (safe; 7% risk of failure)
Press: ? - help, Shift-Dir - straight line, f/p - nagaraja
Aim: a nagaraja, wielding a spear and wearing a robe (moderately wounded)
The shard of ice hits the nagaraja.
Casting: Throw Icicle (safe; 7% risk of failure)
Confirm with . or Enter, or press ? or * to list all spells.
Aiming: Throw Icicle (safe; 7% risk of failure)
Press: ? - help, Shift-Dir - straight line, p - nagaraja The nagaraja spits poison at you.
The splash of poison misses you.
Casting: Throw Icicle (safe; 7% risk of failure)
Confirm with . or Enter, or press ? or * to list all spells.
Aiming: Throw Icicle (safe; 7% risk of failure)
Press: ? - help, Shift-Dir - straight line, f - nagaraja
Aim: a nagaraja, wielding a spear and wearing a robe (heavily wounded, catching The shard of ice hits the nagaraja.
Casting: Throw Icicle (safe; 7% risk of failure)
Confirm with . or Enter, or press ? or * to list all spells.
Aiming: Throw Icicle (safe; 7% risk of failure)
Press: ? - help, Shift-Dir - straight line, f/p - nagaraja
Aim: a nagaraja, wielding a spear and wearing a robe (heavily wounded, catching The shard of ice hits the nagaraja.
The nagaraja spits poison at you. The splash of poison hits you! You resist.
Casting: Throw Icicle (safe; 7% risk of failure)
Confirm with . or Enter, or press ? or * to list all spells.
Aiming: Throw Icicle (safe; 7% risk of failure)
Press: ? - help, Shift-Dir - straight line, f/p - nagaraja
Aim: a nagaraja, wielding a spear and wearing a robe (severely wounded, The shard of ice misses the nagaraja.
The nagaraja casts a spell at you. The bolt of poison misses you.
Casting: Throw Icicle (safe; 7% risk of failure)
Confirm with . or Enter, or press ? or * to list all spells.
Aiming: Throw Icicle (safe; 7% risk of failure)
Press: ? - help, Shift-Dir - straight line, f/p - nagaraja
Aim: a nagaraja, wielding a spear and wearing a robe (severely wounded, The shard of ice hits the nagaraja.
Casting: Throw Icicle (safe; 7% risk of failure)
Confirm with . or Enter, or press ? or * to list all spells.
Aiming: Throw Icicle (safe; 7% risk of failure)
Press: ? - help, Shift-Dir - straight line, f/p - nagaraja
Aim: a nagaraja, wielding a spear and wearing a robe (severely wounded)
You miscast Throw Icicle.
You are very lightly contaminated with residual magic.
Frost spreads across the the floor.
Casting: Throw Icicle (safe; 7% risk of failure)
Confirm with . or Enter, or press ? or * to list all spells.
You don't have enough magic to cast that spell.
Unknown command.
The nagaraja spits poison at you. The splash of poison hits you!
You are poisoned.
You resist.
You closely miss the nagaraja.
You feel sick. The nagaraja casts a spell at you.
You resist with almost no effort.
You barely miss the nagaraja.
You feel sick. The nagaraja hits you with a spear!! The nagaraja grabs you.
The nagaraja constricts you.
You puncture the nagaraja!
You feel sick. The nagaraja hits you with a spear!!
The nagaraja constricts you. The nagaraja spits poison at you.
The splash of poison hits you!
You are more poisoned.
You resist.
* * * LOW HITPOINT WARNING * * *
The nagaraja constricts you.
You closely miss the nagaraja.
You feel sick.
The nagaraja points at you and mumbles some strange words.
You resist with almost no effort.
* * * LOW HITPOINT WARNING * * *
The nagaraja constricts you.
You barely miss the nagaraja.
You feel sick. The nagaraja completely misses you.
* * * LOW HITPOINT WARNING * * *
The nagaraja constricts you!
You hit the nagaraja.
You feel sick. The nagaraja casts a spell at you.
The bolt of poison misses you.
* * * LOW HITPOINT WARNING * * *
The nagaraja constricts you. The nagaraja casts a spell at you.
The orb of energy misses you.
You die...
Your body crumbles into a pile of gold.

######## #######.......
###............ ##...........#
##.(..........#
##.N.#.....@N..########
##...##................#####
####...####.......$............
##.....## #....#####...........
.....#######...## ###..$....#
.##### ##......# ##.........#
## ####......####.......(..# #
##........####...........##
##.....######......^.....(.##


You could see a nagaraja.

Vanquished Creatures
  Rupert (Orc:2)
  Frances (D:13)
  Kirke (Lair:4)
  2 thorn hunters
  A fire giant (D:15)
  2 orc warlords (Orc:1)
  A stone giant (Orc:2)
  An entropy weaver (D:11)
  A dire elephant (Lair:6)
  A minotaur (Lab)
  Azrael (Snake:2)
  A vault guard (D:12)
  6 ghost crabs (Swamp:3)
  An anaconda (Snake:1)
  26 hydras
  3 catoblepae
  2 ogre magi
  19 alligators
  13 two-headed ogres
  2 shambling mangroves
  3 centaur warriors
  A tengu warrior (D:12)
  3 death yaks (Lair:6)
  A deep troll shaman (Lair:6)
  5 orc high priests (Orc:2)
  3 shock serpents
  4 spriggans
  3 naga sharpshooters (Snake:1)
  4 spriggan druids (Swamp:3)
  An unseen horror (D:12)
  A wizard (D:14)
  8 swamp dragons
  A naga ritualist (Lair:4)
  A wolf spider zombie (D:15)
  A lindwurm (Lair:6)
  4 mana vipers
  12 orc knights
  3 orc sorcerers (Orc:1)
  4 cyclopes
  2 manticores
  4 deep elf magi
  22 ugly things
  6 salamanders (Snake:2)
  19 elephants
  Maurice (Orc:2)
  3 apocalypse crabs (Swamp:3)
  A guardian serpent (Snake:2)
  An eye of devastation (shapeshifter) (D:14)
  20 black mambas
  Psyche (D:11)
  A gargoyle (D:14)
  4 naga magi
  8 spiny frogs
  10 komodo dragons
  A yaktaur (D:12)
  A freezing wraith (D:15)
  A demonic crawler (Swamp:2)
  15 tyrant leeches
  A jumping spider (Lair:5)
  A meliai (Lair:6)
  8 trolls
  2 polar bears (Lair:6)
  11 hornets
  15 slime creatures
  A wind drake (Lair:6)
  The ghost of rvm the Chiller, an amateur DsIE (D:4)
  13 hippogriffs
  11 bog bodies
  9 blink frogs
  A shadow (Lair:4)
  4 wyverns
  2 vampires
  A wyvern (shapeshifter) (D:12)
  46 yaks
  2 wraiths
  6 hogs
  7 basilisks
  A steam dragon (Lair:5)
  Grum (D:9)
  18 vampire mosquitoes
  3 hungry ghosts
  8 wargs
  11 swamp worms
  3 acid dragons
  22 insubstantial wisps
  6 nagas
  Edmund (D:4)
  2 soldier ants (D:8)
  12 water moccasins
  9 porcupines
  12 swamp drakes
  3 ice beasts
  52 orc warriors
  A sky beast (D:7)
  2 black bears
  3 eyes of draining
  3 phantoms
  13 ogres
  10 centaurs
  16 crocodiles
  14 wolves
  3 big kobolds
  15 bullfrogs
  5 scorpions
  17 killer bees
  8 wights
  5 howler monkeys
  An electric eel (Lair:5)
  9 crimson imps
  2 centaur zombies
  2 quasits
  2 bullfrog skeletons
  8 jellies
  7 hounds
  A gnoll shaman (Orc:1)
  36 orc priests
  28 orc wizards
  3 centaur skeletons
  3 iguanas
  11 worker ants
  Natasha (twice) (D:4)
  Terence (D:3)
  A killer bee zombie (D:7)
  A bullfrog simulacrum (D:4)
  2 hound zombies
  A hound skeleton (D:7)
  Robin (D:3)
  A mummy (D:5)
  3 gnolls (Orc:1)
  11 adders
  3 shadow imps
  2 white imps (D:4)
  A worker ant simulacrum (D:4)
  2 oozes
  An adder zombie (D:6)
  An adder skeleton (D:8)
  3 worms
  2 dart slugs (D:3)
  5 leopard geckos
  95 orcs
  4 bats
  4 giant cockroaches
  15 goblins
  6 hobgoblins
  8 jackals
  11 kobolds
  6 quokkas
  A giant cockroach simulacrum (D:4)
  A leopard gecko simulacrum (D:4)
  A leopard gecko skeleton (D:6)
  A quokka simulacrum (D:4)
  7 rats
1008 creatures vanquished.

Vanquished Creatures (collateral kills)
  A hydra (Swamp:3)
  An anaconda (Snake:1)
  A naga warrior (Snake:1)
  A shambling mangrove (Swamp:4)
  A naga ritualist (Snake:1)
  2 swamp dragons
  2 mana vipers (Snake:1)
  An apocalypse crab (Swamp:3)
  5 black mambas
  A naga mage (Snake:1)
  2 bog bodies
  2 nagas (Snake:1)
  A briar patch (Swamp:4)
21 creatures vanquished.

Vanquished Creatures (others)
  A spriggan druid (Swamp:3)
  A centaur zombie (D:13)
  A basilisk (Lair:6)
  A naga (Snake:2)
  A swamp drake (Swamp:3)
  A bush (D:10)
  34 fungi
  13 plants
53 creatures vanquished.

Grand Total: 1082 creatures vanquished

Notes
Turn   | Place    | Note
-------+----------+-------------------------------------------
     0 | D:1      | RKaid the Spriggan Venom Mage began the quest for the Orb.
     0 | D:1      | Reached XP level 1. HP: 9/9 MP: 5/5
   432 | D:1      | Reached skill level 1 in Conjurations
   489 | D:1      | Reached XP level 2. HP: 13/13 MP: 3/6
   618 | D:1      | Learned a level 2 spell: Poisonous Vapours
   860 | D:1      | Reached skill level 3 in Spellcasting
  1136 | D:2      | Found a blossoming altar of Fedhas.
  1337 | D:2      | Reached XP level 3. HP: 16/16 MP: 2/8
  1682 | D:2      | Learned a level 3 spell: Mephitic Cloud
  1690 | D:2      | Found a sacrificial altar of Ru.
  1692 | D:2      | Found a glowing silver altar of Zin.
  2284 | D:3      | Noticed a phantom
  2606 | D:3      | Reached XP level 4. HP: 17/21 MP: 6/9
  2790 | D:3      | HP: 4/21 [phantom (7)]
  4061 | D:3      | Noticed Robin
  4075 | D:3      | Reached skill level 4 in Dodging
  4107 | D:3      | Killed Robin
  4329 | D:3      | Found a burning altar of Makhleb.
  4676 | D:3      | Reached skill level 2 in Conjurations
  4677 | D:3      | Noticed Terence
  4731 | D:3      | Killed Terence
  4731 | D:3      | Reached skill level 4 in Poison Magic
  4731 | D:3      | Reached XP level 5. HP: 17/24 MP: 7/11
  5088 | D:4      | You fall through a shaft for 3 floors!
  5452 | D:5      | Entered Level 5 of the Dungeon
  5475 | D:5      | Noticed an ogre
  5618 | D:5      | HP: 6/24 [poisoned by a worker ant]
  5619 | D:5      | Reached skill level 4 in Spellcasting
  5619 | D:5      | Reached XP level 6. HP: 7/28 MP: 7/13
  5624 | D:5      | HP: 5/28 [poisoned by a worker ant]
  6238 | D:4      | Found a runed gate.
  6238 | D:4      | Found a runed gate.
  6241 | D:4      | Found a runed gate.
  6301 | D:4      | Noticed rvm's ghost (amateur DsIE)
  6309 | D:4      | Noticed Natasha
  6428 | D:4      | You fall through a shaft for 2 floors!
  6429 | D:6      | second shaft trap on D:4 !!! :D
  6447 | D:6      | Noticed an orc warrior
  6576 | D:5      | Found a snail-covered altar of Cheibriados.
  6606 | D:5      | Reached skill level 5 in Dodging
  6606 | D:5      | Reached skill level 3 in Conjurations
  6811 | D:5      | Reached skill level 5 in Poison Magic
  6987 | D:5      | Reached XP level 7. HP: 32/32 MP: 10/14
  8112 | D:6      | Found a transporter.
  8113 | D:6      | Noticed Jesh's ghost (novice SpEn)
  8134 | D:6      | Found a transporter.
  8226 | D:6      | Found a staircase to the Ecumenical Temple.
  8234 | D:6      | Reached skill level 5 in Spellcasting
  8237 | Temple   | Entered the Ecumenical Temple
  8418 | Temple   | Learned a level 4 spell: Olgreb's Toxic Radiance
  8423 | Temple   | Became a worshipper of Gozag Ym Sagoz the Greedy
  8530 | D:6      | Found a basalt altar of Yredelemnul.
  8552 | D:6      | Reached skill level 6 in Poison Magic
  8642 | D:6      | Reached skill level 6 in Dodging
  8719 | D:6      | Reached skill level 4 in Conjurations
  8719 | D:6      | Reached XP level 8. HP: 36/36 MP: 16/16
  9317 | D:6      | Found a deep blue altar of Sif Muna.
 10254 | D:7      | Reached skill level 7 in Dodging
 10254 | D:7      | Reached skill level 7 in Poison Magic
 11070 | D:8      | Reached skill level 6 in Spellcasting
 11187 | D:8      | Reached skill level 5 in Conjurations
 11399 | D:8      | Reached XP level 9. HP: 38/39 MP: 8/19
 11876 | D:8      | Found an iron altar of Okawaru.
 12130 | D:8      | Reached skill level 8 in Poison Magic
 12133 | D:8      | Reached skill level 8 in Dodging
 12438 | D:8      | Reached skill level 1 in Shields
 12710 | D:8      | Reached skill level 7 in Spellcasting
 13050 | D:9      | Reached skill level 6 in Conjurations
 13241 | D:9      | Reached skill level 2 in Shields
 13304 | D:9      | HP: 9/39 [swamp drake] (2)]
 13535 | D:9      | Found a staircase to the Orcish Mines.
 13898 | D:9      | Found a huge runed gate.
 13900 | D:9      | Found a huge runed gate.
 13900 | D:9      | Noticed a polar bear
 13901 | D:9      | Found a huge runed gate.
 13902 | D:9      | Noticed a death yak
 13902 | D:9      | Found a huge runed gate.
 13903 | D:9      | Noticed a polar bear
 13948 | D:9      | Found an ancient bone altar of Kikubaaqudgha.
 13970 | D:9      | Reached XP level 10. HP: 44/44 MP: 16/22
 14059 | D:9      | Reached skill level 9 in Poison Magic
 14388 | D:9      | Reached skill level 3 in Shields
 14648 | D:9      | Noticed Grum
 14670 | D:9      | Killed Grum
 14849 | D:9      | Noticed a two-headed ogre
 14894 | D:9      | Killed a two-headed ogre
 14894 | D:9      | Reached skill level 8 in Spellcasting
 15100 | D:10     | Entered Level 10 of the Dungeon
 15172 | D:10     | Learned a level 5 spell: Venom Bolt
 15464 | D:10     | Reached skill level 7 in Conjurations
 15668 | D:10     | Reached skill level 4 in Shields
 15848 | D:10     | Found a staircase to the Lair.
 15932 | D:10     | Reached skill level 10 in Poison Magic
 16353 | D:10     | Reached XP level 11. HP: 47/47 MP: 20/24
 17363 | Lair:1   | Entered Level 1 of the Lair of Beasts
 17694 | Lair:1   | Reached skill level 5 in Shields
 18030 | Lair:1   | Reached skill level 9 in Spellcasting
 19513 | Lair:2   | Reached skill level 8 in Conjurations
 19753 | Lair:2   | Noticed Nergalle
 20890 | Lair:2   | Reached skill level 11 in Poison Magic
 21555 | Lair:4   | Found a staircase to the Snake Pit.
 21966 | Lair:4   | Reached skill level 6 in Shields
 22616 | Lair:4   | Reached XP level 12. HP: 37/51 MP: 26/26
 23214 | Lair:4   | Found a staircase to the Swamp.
 23436 | Lair:5   | Noticed a six-headed hydra
 23523 | Lair:5   | Noticed a six-headed hydra
 23552 | Lair:5   | Killed a six-headed hydra
 23608 | Lair:5   | Killed a six-headed hydra
 23649 | Lair:5   | Reached skill level 10 in Spellcasting
 23653 | Lair:5   | Found a labyrinth entrance.
 23662 | Lab      | Entered a labyrinth
 23874 | Lab      | Noticed a minotaur
 23886 | Lab      | Killed a minotaur
 23919 | Lab      | Identified the Incunabulum of Envenoming and Combat Magic
 24188 | Lair:5   | Noticed a catoblepas
 24425 | Lair:5   | Reached skill level 9 in Conjurations
 24724 | Lair:5   | HP: 10/51 [something/blast of calcifying dust (5)]
 24995 | Lair:5   | Killed a catoblepas
 24995 | Lair:5   | Reached skill level 7 in Shields
 24995 | Lair:5   | Reached skill level 12 in Poison Magic
 25185 | Lair:5   | Reached skill level 1 in Fighting
 25228 | Lair:5   | Noticed a fire dragon
 25396 | Lair:6   | Entered Level 6 of the Lair of Beasts
 25616 | Lair:5   | Reached skill level 2 in Fighting
 26009 | Lair:6   | Found a staircase to the Slime Pits.
 26018 | Lair:5   | Learned a level 3 spell: Regeneration
 26021 | Lair:5   | Learned a level 2 spell: Ensorcelled Hibernation
 26024 | Lair:5   | Learned a level 2 spell: Shroud of Golubria
 26512 | Lair:6   | Reached skill level 3 in Fighting
 26802 | Lair:6   | Reached skill level 9 in Dodging
 26903 | Lair:5   | HP: 14/56 [poisoned by a water moccasin]
 26909 | Lair:5   | HP: 11/56 [poisoned by a water moccasin]
 26915 | Lair:5   | HP: 9/56 [poisoned by a water moccasin]
 26921 | Lair:5   | HP: 7/56 [poisoned by a water moccasin]
 26928 | Lair:5   | HP: 6/56 [poisoned by a water moccasin]
 26935 | Lair:4   | HP: 5/56 [poisoned by a water moccasin]
 26943 | Lair:4   | HP: 4/56 [poisoned by a water moccasin]
 27357 | Lair:6   | Noticed a four-headed hydra
 27464 | Lair:6   | Reached skill level 11 in Spellcasting
 27465 | Lair:6   | Reached XP level 13. HP: 56/61 MP: 13/29
 27594 | Lair:6   | Reached skill level 4 in Fighting
 28433 | Lair:6   | Reached skill level 10 in Dodging
 28601 | Lair:6   | Reached skill level 1 in Evocations
 28730 | Lair:6   | Reached skill level 5 in Fighting
 29132 | Lair:6   | Reached skill level 2 in Evocations
 29934 | Lair:6   | Reached skill level 3 in Evocations
 30251 | Lair:6   | Reached skill level 6 in Fighting
 30502 | Lair:6   | Reached skill level 4 in Evocations
 31070 | Lair:6   | Reached skill level 11 in Dodging
 31214 | Lair:6   | Reached skill level 12 in Spellcasting
 31595 | Lair:6   | Reached skill level 5 in Evocations
 31798 | Lair:6   | Noticed a dire elephant
 31859 | Lair:6   | Killed a dire elephant
 31991 | Lair:6   | Reached skill level 7 in Fighting
 32118 | Lair:6   | Got a jewelled morningstar
 32581 | D:11     | Noticed an entropy weaver
 32581 | D:11     | a four-headed hydra changed into an entropy weaver
 32606 | D:11     | Killed an entropy weaver
 33054 | D:11     | Reached XP level 14. HP: 72/72 MP: 15/31
 33209 | D:11     | Noticed Psyche
 33240 | D:11     | Killed Psyche
 33240 | D:11     | Reached skill level 6 in Evocations
 34735 | D:12     | Reached skill level 8 in Fighting
 35323 | D:12     | Reached skill level 7 in Evocations
 35732 | D:12     | Reached skill level 13 in Spellcasting
 36250 | Orc:1    | Entered Level 1 of the Orcish Mines
 36477 | Orc:1    | Reached skill level 9 in Fighting
 36705 | Orc:1    | Found a roughly hewn altar of Beogh.
 37217 | Orc:1    | Noticed an orc warlord
 37262 | Orc:1    | Killed an orc warlord
 37262 | Orc:1    | Reached skill level 12 in Dodging
 37611 | Orc:1    | Noticed an orc warlord
 37690 | Orc:1    | Killed an orc warlord
 37936 | Orc:1    | Got a smoking mace
 37938 | Orc:1    | Got a pitted trident
 38108 | Orc:2    | Entered Level 2 of the Orcish Mines
 38109 | Orc:2    | Upgraded the game from 0.23-a0-175-g97aacdb306 to
                  | 0.23-a0-183-gf37f6fb109
 38125 | Orc:2    | Noticed a stone giant
 38218 | Orc:2    | Killed a stone giant
 38292 | Orc:2    | Noticed Rupert
 38390 | Orc:2    | Killed Rupert
 38553 | Orc:2    | Noticed Maurice
 38604 | Orc:1    | Reached skill level 10 in Fighting
 38707 | Orc:2    | Killed Maurice
 38876 | Orc:2    | Noticed Nessos
 39091 | Orc:2    | Found a staircase to the Elven Halls.
 39411 | Orc:2    | Reached XP level 15. HP: 68/80 MP: 30/33
 40121 | Orc:2    | Reached skill level 13 in Dodging
 40127 | Orc:2    | Reached skill level 14 in Spellcasting
 41231 | Orc:2    | Found Uruuck's Antique Armour Boutique.
 41231 | Orc:2    | Found Basir's Book Boutique.
 41232 | Orc:2    | Found Suc Gimn's Assorted Antiques.
 41232 | Orc:2    | Found Koawnith's Distillery.
 41251 | Orc:2    | Bought a scroll labeled JYETAG PESIS for 31 gold pieces
 41355 | Orc:2    | Bought a potion of lignification for 48 gold pieces
 41355 | Orc:2    | Bought a potion of curing for 48 gold pieces
 41355 | Orc:2    | Bought a potion of lignification for 48 gold pieces
 41355 | Orc:2    | Bought a potion of haste for 160 gold pieces
 41355 | Orc:2    | Bought a potion of heal wounds for 80 gold pieces
 41355 | Orc:2    | Bought a potion of cancellation for 128 gold pieces
 41355 | Orc:2    | Bought a potion of curing for 48 gold pieces
 41355 | Orc:2    | Bought a potion of resistance for 160 gold pieces
 41355 | Orc:2    | Bought a potion of curing for 48 gold pieces
 41355 | Orc:2    | Bought 2 potions of curing for 96 gold pieces
 41366 | Orc:2    | Learned a level 3 spell: Tukima's Dance
 41372 | Orc:2    | Learned a level 5 spell: Fireball
 41379 | Orc:2    | Bought a book of Minor Magic for 240 gold pieces
 41382 | Orc:2    | Learned a level 2 spell: Blink
 41986 | D:13     | Reached skill level 1 in Translocations
 42170 | D:12     | Learned a level 4 spell: Throw Icicle
 42840 | D:13     | Reached skill level 2 in Translocations
 42840 | D:13     | Reached skill level 1 in Fire Magic
 43393 | D:13     | Found a gate to the Vaults.
 44632 | D:14     | Found Kouvaeni's Food Shop.
 44824 | D:14     | Noticed Frances
 44891 | D:13     | Killed Frances
 44891 | D:13     | Reached skill level 11 in Fighting
 44891 | D:13     | Reached skill level 2 in Fire Magic
 45509 | D:14     | Identified the +5 morningstar "Jyckang" {chaos, rC+ MR++}
                  | (You found it on level 6 of the Lair of Beasts)
 45510 | D:14     | Found Erphaacw's Assorted Antiques.
 45518 | D:14     | Bought a coppery potion for 33 gold pieces
 46180 | D:14     | Reached skill level 14 in Dodging
 46331 | D:14     | Noticed Roxanne
 47189 | D:15     | Entered Level 15 of the Dungeon
 47494 | D:14     | Identified the +5 mace "Ciruvva" {venom, *Noise +Inv rElec
                  | rC++} (You found it on level 1 of the Orcish Mines)
 47675 | D:15     | Reached skill level 3 in Fire Magic
 48191 | D:15     | Found a basalt altar of Yredelemnul.
 48617 | D:15     | Found a staircase to the Depths.
 48617 | D:15     | Noticed a fire giant
 49447 | D:4      | Killed Natasha
 49466 | D:4      | Noticed Edmund
 49483 | D:4      | Killed Edmund
 49563 | D:4      | Noticed Natasha
 49564 | D:4      | Killed rvm's ghost
 49567 | D:4      | Killed Natasha
 49997 | D:15     | Killed a fire giant
 50473 | D:15     | Reached skill level 15 in Spellcasting
 50498 | D:15     | Reached XP level 16. HP: 88/88 MP: 27/36
 51185 | Swamp:1  | Entered Level 1 of the Swamp
 51230 | Lair:4   | HP: 22/88 [poisoned by a swamp dragon (poison gas)]
 51235 | Lair:4   | HP: 19/88 [poisoned by a swamp dragon (poison gas)]
 51241 | Lair:4   | HP: 17/88 [poisoned by a swamp dragon (poison gas)]
 51246 | Lair:4   | HP: 16/88 [poisoned by a swamp dragon (poison gas)]
 51252 | Lair:4   | HP: 15/88 [poisoned by a swamp dragon (poison gas)]
 51260 | Lair:4   | HP: 14/88 [poisoned by a swamp dragon (poison gas)]
 51266 | Lair:4   | HP: 14/88 [poisoned by a swamp dragon (poison gas)]
 51272 | Lair:4   | HP: 14/88 [poisoned by a swamp dragon (poison gas)]
 51279 | Lair:4   | HP: 14/88 [poisoned by a swamp dragon (poison gas)]
 51286 | Lair:4   | HP: 14/88 [poisoned by a swamp dragon (poison gas)]
 51671 | Lair:4   | Reached skill level 4 in Fire Magic
 51740 | Lair:4   | HP: 21/88 [poisoned by something (poison gas)]
 51745 | Lair:4   | HP: 17/88 [poisoned by something (poison gas)]
 51750 | Lair:4   | HP: 14/88 [poisoned by something (poison gas)]
 51755 | Lair:4   | HP: 10/88 [poisoned by something (poison gas)]
 51760 | Lair:4   | HP: 8/88 [poisoned by something (poison gas)]
 51767 | Lair:4   | HP: 7/88 [poisoned by something (poison gas)]
 51774 | Lair:4   | HP: 6/88 [poisoned by something (poison gas)]
 51782 | Lair:4   | HP: 6/88 [poisoned by something (poison gas)]
 53735 | Lair:4   | Reached skill level 15 in Dodging
 55747 | Swamp:1  | Reached skill level 12 in Fighting
 56071 | Swamp:1  | Reached skill level 5 in Fire Magic
 56260 | Swamp:1  | Identified the +5 trident of Armageddon {pain, +Fly rPois
                  | rC++} (You found it on level 1 of the Orcish Mines)
 56480 | Swamp:1  | Noticed Kirke
 56705 | Lair:4   | Killed Kirke
 57301 | Swamp:2  | HP: 15/88 [shambling mangrove (15)]
 57306 | Swamp:2  | HP: 19/88 [shambling mangrove (18)]
 57833 | Swamp:1  | Upgraded the game from 0.23-a0-183-gf37f6fb109 to
                  | 0.23-a0-208-gb6b040f31c
 58259 | Swamp:2  | Reached skill level 16 in Dodging
 59414 | Swamp:3  | Learned a level 4 spell: Summon Lightning Spire
 59781 | Swamp:3  | Reached skill level 1 in Air Magic
 59932 | Swamp:3  | Reached skill level 1 in Summonings
 60138 | Swamp:3  | Noticed a thorn hunter
 60252 | Swamp:3  | Killed a thorn hunter
 60614 | Swamp:2  | Reached skill level 2 in Air Magic
 61759 | Swamp:3  | Reached skill level 2 in Summonings
 62038 | Swamp:3  | Found a runed door.
 63223 | Swamp:3  | HP: 19/90 [spectral snapping turtle[a ghost crab] (12)]
 65648 | Swamp:3  | Paralysed by you for 3 turns
 65965 | Swamp:3  | Reached skill level 3 in Air Magic
 66076 | Swamp:3  | Paralysed by you for 5 turns
 66216 | Swamp:4  | Entered Level 4 of the Swamp
 66774 | Swamp:3  | Upgraded the game from 0.23-a0-208-gb6b040f31c to
                  | 0.23-a0-239-g84a5ed292d
 66972 | Swamp:4  | Reached skill level 3 in Summonings
 67006 | Swamp:4  | Reached XP level 17. HP: 33/94 MP: 1/37
 67013 | Swamp:4  | HP: 17/94 [thorn hunter/volley of thorns (17)]
 67627 | D:14     | Bought a ration for 55 gold pieces
 67627 | D:14     | Bought a ration for 55 gold pieces
 67627 | D:14     | Bought a ration for 55 gold pieces
 67627 | D:14     | Bought a ration for 55 gold pieces
 67627 | D:14     | Bought a ration for 55 gold pieces
 67627 | D:14     | Bought a ration for 55 gold pieces
 67627 | D:14     | Bought a ration for 55 gold pieces
 67627 | D:14     | Bought a ration for 55 gold pieces
 67627 | D:14     | Bought a ration for 55 gold pieces
 67627 | D:14     | Bought a ration for 55 gold pieces
 67627 | D:14     | Bought a ration for 55 gold pieces
 67627 | D:14     | Bought a ration for 55 gold pieces
 67627 | D:14     | Bought a ration for 55 gold pieces
 67627 | D:14     | Bought a ration for 55 gold pieces
 67627 | D:14     | Bought a ration for 55 gold pieces
 67627 | D:14     | Bought a ration for 55 gold pieces
 67636 | D:14     | Bought a runed robe for 107 gold pieces
 68111 | Swamp:2  | HP: 23/94 [poisoned by a swamp dragon (poison gas)]
 68117 | Swamp:2  | HP: 22/94 [poisoned by a swamp dragon (poison gas)]
 68125 | Swamp:2  | HP: 22/94 [poisoned by a swamp dragon (poison gas)]
 68133 | Swamp:2  | HP: 22/94 [poisoned by a swamp dragon (poison gas)]
 68512 | Swamp:3  | HP: 23/94 [poison (poison gas)]
 68517 | Swamp:3  | HP: 23/94 [poison (poison gas)]
 68524 | Swamp:3  | HP: 22/94 [poison (poison gas)]
 68532 | Swamp:3  | HP: 22/94 [poison (poison gas)]
 69096 | Swamp:3  | Reached skill level 17 in Dodging
 70030 | Swamp:3  | Reached skill level 4 in Air Magic
 71538 | Swamp:3  | HP: 22/94 [poisoned by a swamp dragon (poison gas)]
 71543 | Swamp:3  | HP: 16/94 [poisoned by a swamp dragon (poison gas)]
 71548 | Swamp:3  | HP: 12/94 [poisoned by a swamp dragon (poison gas)]
 71553 | Swamp:3  | HP: 9/94 [poisoned by a swamp dragon (poison gas)]
 71558 | Swamp:3  | HP: 7/94 [poisoned by a swamp dragon (poison gas)]
 71563 | Swamp:3  | HP: 6/94 [poisoned by a swamp dragon (poison gas)]
 71570 | Swamp:3  | HP: 6/94 [poisoned by a swamp dragon (poison gas)]
 71578 | Swamp:3  | HP: 6/94 [poisoned by a swamp dragon (poison gas)]
 72215 | Swamp:4  | Reached skill level 4 in Summonings
 72604 | Swamp:4  | Noticed the 27-headed Lernaean hydra
 74056 | Swamp:3  | Reached skill level 5 in Air Magic
 74283 | Swamp:4  | Reached skill level 13 in Fighting
 75154 | Swamp:4  | Got a decaying rune of Zot
 75566 | D:10     | Bought an uncursed ring of protection from fire for 400
                  | gold pieces
 75649 | Snake:1  | Entered Level 1 of the Snake Pit
 76221 | Snake:1  | Reached skill level 5 in Summonings
 81102 | Snake:2  | Noticed Azrael
 81606 | Snake:2  | Killed Azrael
 81606 | Snake:2  | Reached skill level 16 in Spellcasting
 81606 | Snake:2  | Reached skill level 1 in Hexes
 81892 | Snake:2  | HP: 9/95 [naga sharpshooter/arrow (20)]
 81897 | Snake:2  | HP: 9/95 [poisoned by a naga (splash of poison)]
 82506 | Snake:2  | Reached skill level 2 in Hexes
 82887 | Snake:2  | HP: 20/95 [nagaraja/spear (5)]
 82889 | Snake:2  | HP: 6/95 [nagaraja/spear (5)]
 82889 | Snake:2  | Slain by a nagaraja

Vault maps used:
D:1:      saegor_arrival_simple_b, minmay_pentomino_z2
D:2:      nicolae_overflow_hidden_temple, first_ration, minivault_14
D:3:      marbit_many_paths, uniq_robin, uniq_terence
D:4:      gammafunk_ghost_icy, uniq_edmund, uniq_natasha
D:5:      slow_altar_1
D:6:      led_sif_book, minmay_temple_entry_poolview, basic_altar,
          gammafunk_ghost_stat_death
D:8:      lemuel_doored_altar, hangedman_pestilent_swarm, hex_medium,
          grunt_ministairs_7
D:9:      lemuel_bear_cage, overflow_temple_1_default, erik_orc_1, uniq_grum
D:10:     minmay_lair_entry_grove
D:11:     uniq_psyche
D:12:     minmay_the_grid_octo_tiled_squarecenter_mashed, minmay_door_square
D:13:     lemuel_flame_loot_2, david_vaults_5, serial_glass, glass_columns_a,
          glass_columns_c, glass_columns_c, nooodl_orcs_dogs
D:14:     minmay_stone_trees_medium, serial_shops,
          nicolae_shop_temple_entry_statues_fountains, shop, uniq_frances,
          uniq_roxanne
D:15:     grunt_enter_depths_giant_problem, yredelemnul_altar_generic,
          spider_trap
Temple:   jpeg_temple_clearing
Lair:1:   lemuel_fruit_fields, grunt_megastairs_1
Lair:2:   serial_bayou_pond_a, uniq_nergalle
Lair:3:   mumra_transporter_accident
Lair:4:   minmay_swamp_entry_worms, dummy_snake_entry
Lair:5:   dragon1_lemuel, lab_entry_generic, lemuel_fruit_fields,
          serial_bayou_shore_a
Lair:6:   grunt_lair_end_beastmaster, nicolae_slime_entry_slimehenge,
          kennysheep_basilisk_garden, grunt_megastairs_5,
          minmay_lair_oklob_chamber
Swamp:1:  evilmike_swamp_ruin_house_2, swamp_pool4, uniq_kirke
Swamp:2:  hangedman_swamp_lotus
Swamp:3:  gammafunk_mikee_crab_dinner, evilmike_swamp_ruin_house_3,
          infiniplex_staircase_pool_2
Swamp:4:  grunt_swamp_rune_castle
Snake:2:  uniq_azrael
Snake:3:  grunt_ministairs_2
Orc:1:    basic_altar, minmay_orc_treasury
Orc:2:    st_orc_pillars, uniq_maurice, uniq_nessos, uniq_rupert
Lab:      nicolae_lab_dead_adventurers, lab_statue, nicolae_lab_swirl,
          labyrinth_skeletal_remains

Skill      XL: |  1  2  3  4  5  6  7  8  9 10 11 12 13 14 15 16 17 |
---------------+----------------------------------------------------+-----
Conjurations   | 1 2 3 4 5 6 7 8 9 |  9.0
Spellcasting   | 3 4 5 6 7 8 9 11 12 13 15 16 | 16.0
Dodging        | 4 5 6 7 8 9 11 12 14 16 17 | 17.0
Poison Magic   | 4 5 6 7 8 10 11 12 | 12.0
Shields        | 2 4 6 7 |  7.0
Fighting       | 3 7 10 11 12 13 | 13.5
Evocations     | 5 7 |  7.0
Translocations | 2 |  2.1
Fire Magic     | 3 5 |  5.0
Air Magic      | 3 5 |  5.0
Summonings     | 3 5 |  5.0
Hexes          | 2 |  2.2
Stealth        | |  3.0

Action                   |  1- 3 |  4- 6 |  7- 9 | 10-12 | 13-15 | 16-18 || total
-------------------------+-------+-------+-------+-------+-------+-------++-------
Melee: Short sword       |     6 |    57 |   156 |   397 |   938 |   641 ||  2195
       Dagger            |       |       |       |    12 |       |       ||    12
       Mace              |       |       |       |       |    46 |    32 ||    78
       Trident           |       |       |       |       |       |   121 ||   121
 Fire: Hunting sling     |    10 |    33 |   152 |    13 |    30 |   199 ||   437
 Cast: Sting             |    88 |   112 |   158 |   116 |    16 |       ||   490
       Poisonous Vapours |     3 |    14 |    48 |   159 |   382 |    24 ||   630
       Mephitic Cloud    |       |       |     5 |     8 |    33 |     3 ||    49
       Olgreb's Toxic Ra |       |       |     3 |    35 |   125 |    33 ||   196
       Venom Bolt        |       |       |       |     6 |    64 |    13 ||    83
       Ensorcelled Hiber |       |       |       |     1 |     4 |     3 ||     8
       Shroud of Golubri |       |       |       |     1 |       |       ||     1
       Regeneration      |       |       |       |       |     3 |     1 ||     4
       Throw Icicle      |       |       |       |       |    77 |   497 ||   574
       Fireball          |       |       |       |       |     4 |   153 ||   157
       Tukima's Dance    |       |       |       |       |     2 |       ||     2
       Blink             |       |       |       |       |       |    76 ||    76
       Summon Lightning  |       |       |       |       |       |    71 ||    71
Invok: Call Merchant     |       |       |       |       |       |     2 ||     2
       Bribe Branch      |       |       |       |       |       |     1 ||     1
 Abil: Evoke Invisibilit |       |       |       |       |       |     7 ||     7
       Evoke Flight      |       |       |       |       |       |     3 ||     3
Evoke: Wand              |       |     7 |    22 |    57 |    83 |    40 ||   209
       Lightning rod     |       |       |       |     4 |       |     5 ||     9
  Use: Scroll            |       |    10 |     3 |    11 |    10 |    11 ||    45
       Potion            |       |     1 |     1 |       |       |    10 ||    12
 Stab: Sleeping          |       |     1 |     3 |     8 |     8 |     3 ||    23
       Paralysed         |       |       |     6 |    26 |    19 |    55 ||   106
       Distracted        |       |       |       |     4 |     8 |     5 ||    17
       Confused          |       |       |       |     4 |     9 |     2 ||    15
  Eat: Ration            |       |     2 |     3 |     9 |    21 |    32 ||    67
Armor: Robe              |       |     7 |    18 |    31 |    55 |    78 ||   189
Dodge: Dodged            |    18 |    87 |   191 |   376 |  1040 |  1690 ||  3402
Block: Buckler           |       |       |       |   129 |   433 |   420 ||   982

Table legend:
 A = Non-vault XP
 B = Vault XP
 C = Vault XP percentage of total XP
 D = Non-vault monster count
 E = Vault monster count
 F = Vault count percentage of total count
                 A         B        C        D         E       F
            +---------+---------+-------+---------+---------+-------
      Total |  167300 |   99346 |  37.3 |     703 |     327 |  31.7
            +---------+---------+-------+---------+---------+-------
        D:1 |      23 |       2 |   8.0 |      13 |       1 |   7.1
        D:2 |      30 |       0 |   0.0 |      10 |       0 |   0.0
        D:3 |      74 |      71 |  49.0 |      18 |      14 |  43.8
        D:4 |     155 |     519 |  77.0 |      14 |      10 |  41.7
        D:5 |     390 |      16 |   3.9 |      10 |       1 |   9.1
        D:6 |     722 |       0 |   0.0 |      20 |       0 |   0.0
        D:7 |     906 |       0 |   0.0 |      23 |       0 |   0.0
        D:8 |    1685 |     616 |  26.8 |      30 |       6 |  16.7
        D:9 |    3701 |    1235 |  25.0 |      33 |      22 |  40.0
       D:10 |    1943 |    1826 |  48.4 |      28 |      11 |  28.2
       D:11 |    6964 |    2954 |  29.8 |      32 |       6 |  15.8
       D:12 |    5023 |   11428 |  69.5 |      28 |      30 |  51.7
       D:13 |    6417 |    5214 |  44.8 |      26 |      16 |  38.1
       D:14 |   10408 |       0 |   0.0 |      31 |       0 |   0.0
       D:15 |   11804 |    2178 |  15.6 |      33 |       2 |   5.7
     Lair:1 |    2382 |     480 |  16.8 |      15 |       2 |  11.8
     Lair:2 |    2374 |       0 |   0.0 |      10 |       0 |   0.0
     Lair:3 |    1161 |       0 |   0.0 |       6 |       0 |   0.0
     Lair:4 |   12593 |    2661 |  17.4 |      40 |       4 |   9.1
     Lair:5 |   12554 |    2388 |  16.0 |      41 |       7 |  14.6
     Lair:6 |    9316 |   12690 |  57.7 |      25 |      37 |  59.7
    Swamp:1 |   14644 |     978 |   6.3 |      31 |       5 |  13.9
    Swamp:2 |    7284 |     334 |   4.4 |      20 |       1 |   4.8
    Swamp:3 |   22281 |   17644 |  44.2 |      48 |      32 |  40.0
    Swamp:4 |    4267 |    7537 |  63.9 |      15 |      13 |  46.4
    Snake:1 |   12770 |       0 |   0.0 |      27 |       0 |   0.0
    Snake:2 |    9802 |    1204 |  10.9 |      22 |       1 |   4.3
      Orc:1 |    3225 |   12290 |  79.2 |      29 |      44 |  60.3
      Orc:2 |    2402 |   13866 |  85.2 |      25 |      61 |  70.9
        Lab |       0 |    1215 | 100.0 |       0 |       1 | 100.0
            +---------+---------+-------+---------+---------+-------

Table legend:
 A = Turns spent in this place as a percentage of turns spent in the entire game.
 B = Non-inter-level travel turns spent in this place as a percentage of non-inter-level travel turns spent in the entire game.
 C = Inter-level travel turns spent in this place as a percentage of turns spent in this place.
 D = Turns resting spent in this place as a percentage of non-inter-level travel turns spent in this place.
 E = Turns spent auto-exploring this place as a percentage of non-inter-level travel turns spent in this place.
 F = Non-inter-level travel turns spent in this place divided by the number of levels of this place that you've seen.
                   A       B       C       D       E      F
               +-------+-------+-------+-------+-------+----------------------
         Total | 100.0 | 100.0 |   6.0 |  47.7 |  20.8 | 2435.0
       Dungeon |  37.6 |  37.5 |   6.3 |  40.7 |  27.3 | 1946.7
        Temple |   0.3 |   0.2 |  22.6 |  49.7 |  41.6 | 161.0
          Lair |  23.6 |  23.3 |   7.0 |  46.1 |  24.0 | 3025.5
         Swamp |  24.6 |  24.7 |   5.3 |  61.8 |   9.2 | 4818.8
     Snake Pit |   7.6 |   7.7 |   4.0 |  55.6 |  16.4 | 2006.7
  Orcish Mines |   6.1 |   6.2 |   5.2 |  29.8 |  21.0 | 2413.0
     Labyrinth |   0.3 |   0.4 |   0.0 |  47.7 |   0.0 | 283.0
               +-------+-------+-------+-------+-------+----------------------

Table legend:
 A = Kills in this place as a percentage of kills in entire the game.
 B = Kills by you in this place as a percentage of kills by you in the entire game.
 C = Kills by friends in this place as a percentage of kills by friends in the entire game.
 D = Other kills in this place as a percentage of other kills in the entire game.
 E = Experience gained in this place as a percentage of experience gained in the entire game.
 F = Experience gained in this place divided by the number of levels of this place that you have seen.
                   A       B       C       D       E      F
               +-------+-------+-------+-------+-------+----------------------
         Total | 100.0 | 100.0 | 100.0 | 100.0 | 100.0 | 8332.7
       Dungeon |  45.4 |  46.6 |   0.0 |  22.2 |  28.6 | 5086.9
          Lair |  18.2 |  18.2 |  10.0 |  33.3 |  22.0 | 9766.5
         Swamp |  16.0 |  15.7 |  35.0 |  11.1 |  28.1 | 18742.2
     Snake Pit |   4.9 |   3.9 |  55.0 |   0.0 |   8.9 | 7925.3
  Orcish Mines |  15.4 |  15.6 |   0.0 |  33.3 |  11.9 | 15891.5
     Labyrinth |   0.1 |   0.1 |   0.0 |   0.0 |   0.5 | 1215.0
               +-------+-------+-------+-------+-------+----------------------
